 Dungeon Crawl Stone Soup version 0.31-a0-344-gd109795599 (webtiles) character file.

Game seed: 4936563964825596895

256 Newt the Trooper (level 6, -10/48 HPs)
             Began as a Merfolk Fighter on July 21, 2023.
             Was an Initiate of Makhleb.
             Mangled by an angel
             ... wielding a +3 whip of holy wrath
             ... created by the Shining One
              (21 damage)
             ... on level 4 of the Dungeon.
             The game lasted 00:04:20 (3272 turns).

Newt the Trooper (Merfolk Fighter)                  Turns: 3272, Time: 00:04:21

Health: -10/48     AC:  6    Str: 22    XL:     6   Next: 16%
Magic:  6/6        EV: 11    Int: 10    God:    Makhleb [......]
Gold:   108        SH:  5    Dex: 15    Spells: 5/5 levels left

rFire   . . .        f - +8 long sword "Edghosiqi" {drain, Str+6 Int+2}
rCold   . . .        c - +0 buckler
rNeg    . . .        b - +0 scale mail
rPois   .            (no helmet)
rElec   .            (no cloak)
rCorr   .            (no gloves)
SInv    .            (no boots)
Will    .....        (no amulet) Stlth
                     (no ring)
HPRegen 0.28/turn    (no ring)
MPRegen 0.10/turn

%: no passive effects
@: glowing
A: (nimble swimmer 2), mertail
a: Renounce Religion


You were on level 4 of the Dungeon.
You worshipped Makhleb.
Makhleb was noncommittal.
You visited 2 branches of the dungeon, and saw 5 of its levels.

You collected 108 gold pieces.

Inventory:

Hand Weapons
 a - a +1 long sword
 f - the +8 long sword "Edghosiqi" (weapon) {drain, Str+6 Int+2}
   (You found it on level 3 of the Dungeon)

   Str:       It affects your strength (+6).
   Int:       It affects your intelligence (+2).
Missiles
 h - 18 poisoned darts
 i - 6 atropa-tipped darts
Armour
 b - a +0 scale mail (worn)
 c - a +0 buckler (worn)
Wands
 r - a wand of mindburst (17)
Scrolls
 o - a scroll of enchant armour {unknown}
 q - a scroll of revelation {unknown}
 s - a scroll of identify
 t - a scroll of teleportation {unknown}
Potions
 d - a potion of might
 e - 2 potions of heal wounds {unknown}
 g - a potion of attraction
 j - 3 potions of brilliance {unknown}
 l - 3 potions of lignification
 p - a potion of mutation {unknown}


   Skills:
 - Level 4.0 Fighting
 + Level 3.2 Long Blades
 - Level 4.0 Throwing
 - Level 2.1 Armour
 - Level 4.0 Dodging
 - Level 3.0 Shields


You had 5 spell levels left.
You didn't know any spells.
Your spell library contained the following spells:

 Spells                   Type           Power      Damage    Failure   Level
 Slow                     Hex            0%         N/A       77%         1
 Cigotuvi's Dreadful Rot  Necr/Pois/Air  0%         N/A       88%         2
 Confusing Touch          Hex            0%         N/A       98%         3
 Ignite Poison            Fire/Tmut/Pois 0%         N/A       98%         3
 Vampiric Draining        Necr           0%         2d6       98%         3
 Freezing Cloud           Conj/Ice/Air   0%         6-21      100%        5


Dungeon Overview and Level Annotations

Branches:
Dungeon (4/15)             Temple (1/1) D:4

Altars:
Cheibriados
Elyvilon
Hepliaklqana
Makhleb
Sif Muna
Trog
Uskayaw
Wu Jian
Xom
The Shining One

Shops:
D:2 =

Annotations:
D:3 1 runed translucent door, GiantSquids's ghost, amateur OpSh


Innate Abilities, Weirdness & Mutations

((You are very nimble when in or above water. (Stealth+, EV+, Speed+++)))
Your lower body shifts to a powerful aquatic tail in water.


Message History

Makhleb accepts your kill.
No target in view!
The Shining One blasts you with cleansing flame!
The golden flame engulfs you.
No target in view!
Found a stone staircase leading up.
You see here a quokka corpse.
There is a stone staircase leading up here.
The Shining One sends the divine host to punish you for your evil ways!
The divine experience confuses you!
You are confused.
A daeva and 2 angels come into view.
The daeva is wielding a +2 scimitar of holy wrath.
An angel is wielding a +3 whip of holy wrath.
An angel is wielding a +2 whip of holy wrath.
Unknown command.
Unknown command.
Unknown command.
Unknown command.
You're too confused to aim your attacks!
You're too confused to aim your attacks!
You feel better.
Unknown command.
Hit: f) +8 long sword "Edghosiqi" {drain, Str+6 Int+2}
Press: ? - help, Dir - move target, f - daeva
Aim: a daeva, wielding a +2 scimitar of holy wrath and wearing a +0 tower shield (durably summoned, haloed, about 20% to evade the +8 long sword "Edghosiqi")
Okay, then.
The air fills with toxic fumes!
As you read the scroll labelled WEMINKILL BURIOTRI, it crumbles to dust.
It was a scroll of poison.
The angel hits you with a +3 whip of holy wrath!
You block the angel's attack.
The daeva hits you with a +2 scimitar of holy wrath!!
* * * LOW HITPOINT WARNING * * *
The daeva barely misses you.
As you read the scroll labelled XAMEDE NICKIUTIPT, it crumbles to dust.
You assume a fearsome visage.
The daeva resists with almost no effort.
The angel resists with almost no effort. x2
It was a scroll of fear.
You block the angel's attack. The angel barely misses you.
The angel hits you with a +3 whip of holy wrath!!
You die...

.# #.##.# #..# .#
##.##.# #####..# .#
...#.# #.†....#
.###.#.#.# #.####.#
.#...#...####.# #.#
...#####....<.# #.#
.....#...###### #.#
..##.#.#.#########§#
..# ...#.§§§§§AA@A§#
..###.#####§########
#.# #..............
#.# #######.#######
#.# ### #.# #.# #.#
#.#########


You could see a daeva and 2 angels.

Vanquished Creatures
  2 hounds (D:4)
  An iguana (D:4)
  5 gnolls
  2 adders
  2 worms (D:2)
  5 dart slugs
  3 orcs
  10 ball pythons
  11 bats
  9 endoplasms
  3 giant cockroaches
  10 hobgoblins
  3 quokkas
  7 frilled lizards
  8 goblins
  5 kobolds
  9 rats
95 creatures vanquished.

Notes
Turn   | Place    | Note
-------+----------+-------------------------------------------
     0 | D:1      | Newt the Merfolk Fighter began the quest for the Orb.
     0 | D:1      | Reached XP level 1. HP: 18/18 MP: 1/1
    94 | D:1      | Reached XP level 2. HP: 15/25 MP: 2/2
   198 | D:1      | Reached skill level 1 in Dodging
   323 | D:1      | Reached XP level 3. HP: 18/30 MP: 3/3
  1471 | D:2      | Reached XP level 4. HP: 31/37 MP: 4/4
  1659 | D:2      | Found Pusen's Jewellery Emporium.
  1843 | D:3      | Reached skill level 1 in Throwing
  1905 | D:3      | Identified the +8 long sword "Edghosiqi" {drain, Str+6
                  | Int+2}
  2028 | D:3      | Reached XP level 5. HP: 42/42 MP: 5/5
  2360 | D:3      | Found a runed translucent door.
  2361 | D:3      | Noticed GiantSquids's ghost (amateur OpSh)
  2622 | D:4      | Found a staircase to the Ecumenical Temple.
  2632 | Temple   | Entered the Ecumenical Temple
  2672 | Temple   | Became a worshipper of the Shining One
  2749 | Temple   | Fell from the grace of the Shining One
  2749 | Temple   | Became a worshipper of Makhleb the Destroyer
  2947 | D:4      | Reached XP level 6. HP: 46/48 MP: 6/6
  3270 | D:4      | Noticed a daeva
  3270 | D:4      | Noticed an angel
  3270 | D:4      | Noticed an angel
  3272 | D:4      | Mangled by an angel

Illustrated notes

Levels and vault maps discovered:
D:1:      lemuel_arrival_lava_pool, layout_basic, serial_glass, glass_columns_a,
          glass_columns_a, minmay_crystal_room
D:2:      layout_rooms, serial_shops, nicolae_shop_gaudy_bauble,
          kennysheep_generic_room_7
D:3:      layout_basic, gammafunk_ghost_grave, minmay_misc_feat_four_crosses
D:4:      layout_loops_ring, temple_pool_b, corexii_hall_statues_l,
          dk_rats_in_the_wall, uniq_crazy_yiuf_cottage
Temple:   cyrus_temple_forest

Skill      XL: |  1  2  3  4  5  6 |
---------------+-------------------+-----
Fighting       | 4 |  4.0
Dodging        | 2 3 4 |  4.0
Throwing       | 2 4 |  4.0
Long Blades    | 3 |  3.2
Armour         | |  2.1
Shields        | |  3.0

Action                     |  1- 3 |  4- 6 || total
---------------------------+-------+-------++-------
  Melee: Long sword        |   131 |    93 ||   224
    Use: Scroll            |     4 |     2 ||     6
         Potion            |       |     1 ||     1
 Armour: Scale mail        |    67 |    32 ||    99
  Dodge: Dodged            |    83 |    42 ||   125
  Block: Buckler           |    41 |    27 ||    68

Table legend: (Time is in decaauts)
 A = Elapsed time spent in this place.
 B = Non-inter-level travel time spent in this place.
 C = Inter-level travel time spent in this place.
 D = Time resting spent in this place.
 E = Time spent auto-exploring this place.
 F = Levels seen in this place.
 G = Mean time per level.
                   A        B        C        D        E       F      G
               +--------+--------+--------+--------+--------+-----+--------+
         Total |   3329 |   2900 |    429 |    236 |   2065 |   5 |  665.8 |
       Dungeon |   3178 |   2896 |    282 |    236 |   2065 |   4 |  794.5 |
        Temple |    151 |      4 |    147 |      0 |      0 |   1 |  151.0 |
               +--------+--------+--------+--------+--------+-----+--------+

Top non-repeatable levels by time:
     D:1: 1217 daAuts
     D:3: 780 daAuts
     D:2: 618 daAuts
     D:4: 562 daAuts
  Temple: 151 daAuts
